 Dungeon Crawl Stone Soup version 0.16-a0-269-gd5b6136 (webtiles) character file.

197 Herrn the Gusty (level 5, -4/30 HPs)
             Began as a Tengu Air Elementalist on Aug 26, 2014.
             Killed from afar by an orc wizard (10 damage)
             ... with a magic dart
             ... on Level 3 of the Dungeon.
             The game lasted 00:11:33 (3101 turns).

Herrn the Gusty (Tengu Air Elementalist)            Turns: 3101, Time: 00:11:33

HP  -4/30        AC  3     Str  9      XL: 5   Next: 75%
MP   0/14        EV 13     Int 21      God:
Gold 144         SH  0     Dex 14      Spells:  3 memorised,  6 levels left

rFire  . . .     SeeInvis .     (no weapon)
rCold  . . .     Clarity  .     a - +0 robe
rNeg   . . .     rCorr    .     (no shield)
rPois  .         rRot     .     (helmet restricted)
rElec  .         Spirit   .     l - +0 cloak
SustAb .         Warding  .     (no gloves)
rMut   .         Stasis   .     (boots unavailable)
Gourm  .                        (no amulet)
MR     .....                    (no ring)
                                (no ring)

@: brilliant, slowed, very slow, not resistant to hostile enchantments,
unstealthy
A: able to fly, beak, talons 3
a: Fly


You were on level 3 of the Dungeon.
You were not hungry.

You visited 1 branch of the dungeon, and saw 3 of its levels.

You collected 144 gold pieces.

Inventory:

Armour
 a - a +0 robe (worn)
 l - a +0 cloak (worn)
Comestibles
 c - 4 bread rations
 g - 3 meat rations
 i - 5 fruits
 k - 4 slices of pizza
 v - a chunk of rat flesh
 w - a rotting chunk of gnoll flesh
Scrolls
 d - a scroll of teleportation {unknown}
 e - 2 scrolls of amnesia {unknown}
 f - a scroll of enchant armour {unknown}
 h - a scroll of random uselessness {unknown}
 m - a scroll of fear {unknown}
 o - a scroll of noise {unknown}
 r - a scroll of fog {unknown}
 u - 3 scrolls of magic mapping {unknown}
Potions
 j - a potion of resistance
 q - a potion of invisibility
 s - a potion of haste {unknown}
 t - a potion of restore abilities {unknown}
Books
 b - a book of Air

   Spells                             Type                      Level
   *Shock                             Conjuration/Air              1
   *Swiftness                         Charms/Air                   2
   *Repel Missiles                    Charms/Air                   2
   Flight                             Charms/Air                   3
   Static Discharge                   Conjuration/Air              3
   Lightning Bolt                     Conjuration/Air              5


   Skills:
 * Level 1.9 Fighting
 + Level 2.9 Dodging
 - Level 2.0 Stealth
 * Level 3.7 Spellcasting
 * Level 4.0 Conjurations
 - Level 4.0 Air Magic


You had 6 spell levels left.
You knew the following spells:

 Your Spells              Type           Power        Failure   Level  Hunger
a - Shock                 Conj/Air       ####         1%          1    None
b - Swiftness             Chrm/Air       ###.....     1%          2    #......
c - Repel Missiles        Chrm/Air       ###...       1%          2    #......


Dungeon Overview and Level Annotations

Branches:
Dungeon (3/15)

Altars:
Ashenzari


Innate Abilities, Weirdness & Mutations

You can fly.
You have a beak for a mouth.
You have claws for feet.


Message History

Confirm with . or Enter, or press ? or * to list all spells.
Aiming: Shock
Press: ? - help, Shift-Dir - straight line, f/p - orc wizard
Aim: an orc wizard, wielding a dagger and wearing a robe (moderately wounded, fast)
The zap hits the orc wizard.
The orc wizard is heavily wounded.
The orc wizard hits you with a dagger. x2
You closely miss the orc wizard. You claw the orc wizard.
The orc wizard is severely wounded.
The orc wizard gestures at you while chanting.
The magic dart hits you!
* * * LOW HITPOINT WARNING * * *
The orc wizard hits you with a dagger.
* * * LOW HITPOINT WARNING * * *
Your magical contamination has completely faded away.
You closely miss the orc wizard.
The orc wizard is severely wounded.
The orc wizard casts a spell at you. The magic dart hits you!
You die...

##........##
...........#
##.........#
#.......#.#
#......##.#
####..###.#
#.## #.# #.#
#o# #.####@#
#....#.#
####.#.# ###
#.#.#
?.....###.#.#
......[.)...#
.####.###.###
#.# #.#


You could see an orc wizard.

Vanquished Creatures
  An orc wizard (D:3)
  An ogre zombie (D:3)
  4 gnolls (D:3)
  3 adders
  An inept feature mimic (D:2)
  A worm (D:2)
  An adder zombie (D:3)
  A giant gecko (D:2)
  An ooze (D:2)
  2 orcs (D:3)
  7 goblins
  9 hobgoblins
  4 jackals (D:1)
  8 kobolds
  A ball python (D:1)
  8 bats
  3 giant cockroaches
  3 giant newts
  A hobgoblin skeleton (D:3)
  A kobold skeleton (D:3)
  A kobold zombie (D:3)
  2 orc skeletons (D:3)
  A quokka skeleton (D:3)
  9 rats
74 creatures vanquished.

Notes
Turn   | Place    | Note
--------------------------------------------------------------
     0 | D:1      | Herrn, the Tengu Air Elementalist, began the quest for the Orb.
     0 | D:1      | Reached XP level 1. HP: 10/10 MP: 3/3
   232 | D:1      | Reached XP level 2. HP: 15/15 MP: 2/6
   937 | D:1      | Reached XP level 3. HP: 20/20 MP: 3/7
  1697 | D:2      | Learned a level 2 spell: Swiftness
  1700 | D:2      | Learned a level 2 spell: Repel Missiles
  2138 | D:2      | Reached XP level 4. HP: 24/24 MP: 5/10
  2414 | D:2      | Reached skill level 1 in Fighting
  2758 | D:3      | Reached XP level 5. HP: 24/29 MP: 5/13
  2879 | D:3      | Found a shattered altar of Ashenzari.
  3101 | D:3      | Killed from afar by an orc wizard

Action                   |  1- 3 |  4- 6 || total
-------------------------+-------+-------++-------
Melee: Unarmed           |    11 |    13 ||    24
 Cast: Shock             |    89 |    91 ||   180
  Use: Scroll            |     3 |       ||     3
       Potion            |       |     2 ||     2
  Eat: Chunk             |     4 |     3 ||     7
